 Dungeon Crawl Stone Soup version 0.29-a0-823-gc37b1572da (webtiles) character file.

Game seed: 104030458928401619

82 gobodom the Chopper (level 4, -4/34 HPs)
             Began as a Demonspawn Gladiator on July 8, 2022.
             Slain by an orc
             ... wielding a +0 dagger of electrocution
              (17 damage)
             ... on level 3 of the Dungeon.
             The game lasted 00:04:24 (3177 turns).

gobodom the Chopper (Demonspawn Gladiator)          Turns: 3177, Time: 00:04:25

Health: -4/34      AC:  8    Str: 16    XL:     4   Next: 21%
Magic:  4/4        EV:  7    Int:  9    God:
Gold:   80         SH:  0    Dex: 15    Spells: 3/3 levels left

rFire   . . .      SeeInvis .   a - +0 war axe
rCold   . . .      Faith    .   (no shield)
rNeg    . . .      Spirit   .   o - +0 chain mail
rPois   .          Reflect  .   (helmet restricted)
rElec   .          Harm     .   (no cloak)
rCorr   .          Rampage  .   (no gloves)
Will    .....                   (no boots)
Stlth   ..........              (no amulet)
HPRegen 0.11/turn               (no ring)
MPRegen 0.09/turn               (no ring)

@: no status effects
A: antennae 1, claws 2
a: no special abilities


You were on level 3 of the Dungeon.
You visited 1 branch of the dungeon, and saw 3 of its levels.

You collected 80 gold pieces.

Inventory:

Hand Weapons
 a - a +0 war axe (weapon)
Missiles
 e - a javelin (quivered)
 g - 6 poisoned darts
Armour
 b - a +0 leather armour
 o - a +0 chain mail (worn)
Jewellery
 n - a ring of fire
Wands
 c - a wand of iceblast (11)
Scrolls
 d - 2 scrolls of enchant armour {unknown}
 f - a scroll of teleportation {unknown}
 i - a scroll of enchant weapon {unknown}
 j - 3 scrolls of magic mapping {unknown}
 k - 3 scrolls of identify {unknown}
 l - a scroll of blinking {unknown}
Potions
 h - 2 potions of flight {unknown}
 m - a potion of curing {unknown}
 p - a potion of attraction {unknown}
 q - 2 potions of ambrosia {unknown}
 r - a potion of mutation {unknown}
 s - a potion of haste {unknown}


   Skills:
 + Level 2.5 Fighting
 * Level 3.6 Axes
 + Level 2.0 Throwing
 * Level 1.1 Armour
 * Level 3.1 Dodging
 + Level 0.1 Stealth


You had 3 spell levels left.
You didn't know any spells.
Your spell library contained the following spells:

 Spells                   Type           Power      Damage    Failure   Level
 Apportation              Tloc           0%         N/A       100%        1
 Foxfire                  Conj/Fire      0%         2x1d4     100%        1
 Necrotise                Necr           0%         1d4       100%        1
 Slow                     Hex            0%         N/A       100%        1
 Summon Small Mammal      Summ           0%         N/A       100%        1
 Confusing Touch          Hex            0%         N/A       100%        3
 Vampiric Draining        Necr           0%         2d6       100%        3


Dungeon Overview and Level Annotations

Branches:
Dungeon (3/15)

Altars:
Uskayaw


Innate Abilities, Weirdness & Mutations

You have a pair of small antennae on your head.
You have very sharp fingernails.


Message History

You add the spells Slow, Vampiric Draining and Confusing Touch to your library.
Things that are here:
a +4 whip; 5 stones You open the door.
There is an open door here.
There is an open door here.
There is a stone staircase leading down here.
r - a fizzy puce potion
s - a bubbling clear potion A ball python comes into view.
The ball python hisses angrily.
A ball python is nearby!
The ball python barely misses you. The ball python grabs you.
The ball python constricts you. The ball python bites you.
The ball python constricts you.
You closely miss the ball python.
The ball python bites you but does no damage.
The ball python constricts you.
You barely miss the ball python. You claw the ball python.
You kill the ball python!
You now have 80 gold pieces (gained 10). 2 orcs come into view.
An orc is wielding a +0 dagger of electrocution and quivering silver boomerangs.
The orc shouts! x2; You hear a shout!
An orc wizard comes into view. It is wielding a +0 dagger.
The orc wizard shouts!
An orc comes into view. It is wielding a +0 mace.
The orc throws a silver boomerang.
The silver boomerang hits you but does no damage.
The silver sears you!
The orc throws a silver boomerang.
The silver boomerang hits you. The silver sears you! The orc barely misses you.
You barely miss the orc. The orc hits you but does no damage.
You closely miss the orc. The orc hits you but does no damage.
You are electrocuted!!
Ouch! That really hurt!
The orc hits you but does no damage.
You are electrocuted!
Ouch! That really hurt!
You die...

.#####
.....# ..#
####.# #.#
# #.# #.# #
#.# #o# #
#.##### #o#
# #.....#
#o# #####.#
#o# #.# #@#
#.# #.# #.#
#.#
#.#######.#
#.........#
###########


You could see an orc wizard and 3 orcs.

Vanquished Creatures
  2 adders (D:2)
  2 worms
  A dart slug (D:1)
  5 endoplasms
  3 giant cockroaches
  3 goblins
  7 hobgoblins
  5 jackals (D:1)
  2 quokkas
  5 ball pythons
  4 bats
  3 frilled lizards
  6 kobolds
  3 rats
51 creatures vanquished.

Vanquished Creatures (others)
  A plant (D:1)
1 creature vanquished.

Grand Total: 52 creatures vanquished

Notes
Turn   | Place    | Note
-------+----------+-------------------------------------------
     0 | D:1      | gobodom the Demonspawn Gladiator began the quest for the
                  | Orb.
     0 | D:1      | Reached XP level 1. HP: 16/16 MP: 1/1
    67 | D:1      | Discovered your monstrous ancestry.
    67 | D:1      | Gained mutation: You have a pair of small antennae on your
                  | head. [demonic ancestry]
    67 | D:1      | Reached XP level 2. HP: 6/22 MP: 2/2
  1290 | D:1      | Found a faded altar of an unknown god.
  1293 | D:1      | Got Plato's Collected Works on Arcane Weapons
  1353 | D:2      | Gained mutation: You have sharp fingernails. [demonic
                  | ancestry]
  1353 | D:2      | Reached XP level 3. HP: 27/27 MP: 3/3
  2159 | D:2      | Reached skill level 1 in Armour
  2576 | D:2      | Gained mutation: You have very sharp fingernails. [demonic
                  | ancestry]
  2576 | D:2      | Reached XP level 4. HP: 34/34 MP: 4/4
  2799 | D:3      | Found a hide-covered altar of Uskayaw.
  3177 | D:3      | Slain by an orc

Illustrated notes

Levels and vault maps discovered:
D:1:      wander_arrival_peaceful_grave, layout_rooms,
          shapermc_ecumenical_altar_rom_forum
D:2:      layout_basic, nicolae_concentric_dashed_squares_mild
D:3:      layout_basic, eat_drink_and_be_merry_uskayaw,
          ebering_ghost_rock_garden

Skill      XL: |  1  2  3 |
---------------+----------+-----
Throwing       | 2 |  2.0
Axes           | 3 |  3.6
Dodging        | 3 |  3.1
Armour         | 1 |  1.1
Fighting       | |  2.5
Stealth        | |  0.1

Action                   |  1- 3 |  4- 6 || total
-------------------------+-------+-------++-------
Melee: War axe           |   113 |    25 ||   138
       Punch             |     1 |     1 ||     2
Throw: Throwing net      |     5 |       ||     5
Armor: Leather armour    |    26 |     2 ||    28
       Chain mail        |       |    14 ||    14
Dodge: Dodged            |    86 |     9 ||    95

Table legend: (Time is in decaauts)
 A = Elapsed time spent in this place.
 B = Non-inter-level travel time spent in this place.
 C = Inter-level travel time spent in this place.
 D = Time resting spent in this place.
 E = Time spent auto-exploring this place.
 F = Levels seen in this place.
 G = Mean time per level.
                   A        B        C        D        E       F      G
               +--------+--------+--------+--------+--------+-----+--------+
         Total |   3222 |   3138 |     84 |    218 |   2466 |   3 | 1074.0 |
       Dungeon |   3222 |   3138 |     84 |    218 |   2466 |   3 | 1074.0 |
               +--------+--------+--------+--------+--------+-----+--------+

Top non-repeatable levels by time:
     D:1: 1360 daAuts
     D:2: 1325 daAuts
     D:3: 536 daAuts
